 Dungeon Crawl Stone Soup version 0.22.0-38-g04b72b8 (webtiles) character file.

109924 nicolaieve the Peltast (level 16, -7/220 HPs)
             Began as a Minotaur Berserker on Aug 27, 2018.
             Was a High Priest of Trog.
             Killed by divine providence
             ... invoked by a meliai
              (13 damage)
             ... on level 12 of the Dungeon.
             The game lasted 01:43:07 (17622 turns).

nicolaieve the Peltast (Minotaur Berserker)        Turns: 17622, Time: 01:43:09

Health: -7/220     AC: 31    Str: 38    XL:     16   Next: 6%
Magic:  5/5        EV: 11    Int:  2    God:    Trog [*****.]
Gold:   535        SH: 16    Dex: 14    Spells: 15/15 levels left

rFire    . . .     SeeInvis .   A - +2 eveningstar (antimagic)
rCold    + . .     Gourm    .   L - -1 shield
rNeg     . . .     Faith    .   h - +1 plate armour {MR+}
rPois    +         Spirit   .   y - +1 hat
rElec    +         Reflect  .   e - +2 cloak {rPois}
rCorr    .         Harm     .   i - +0 pair of gloves {Str+3}
MR       ++++.                  D - +2 pair of boots {Stlth+}
Stlth    ..........             n - amulet of Xom's Passing Interest {Acrobat +Blink rPois Int-2}
HPRegen  1.46/turn              E - +4 ring of protection
MPRegen  0.09/turn              C - ring of Godiriox {*Slow rElec rC+ Str+5}

@: berserking, regenerating, very quick
A: retaliatory headbutt, horns 2
a: Berserk, Trog's Hand, Brothers in Arms, Renounce Religion, Evoke Blink


You were on level 12 of the Dungeon.
You worshipped Trog.
Trog was extremely pleased with you.
You were very hungry.

You visited 3 branches of the dungeon, and saw 20 of its levels.
You visited the Abyss 1 time.
You also visited: Sewer and Ossuary.

You collected 2215 gold pieces.
You spent 1680 gold pieces at shops.

Inventory:

Hand Weapons
 z - a +6 great mace of venom
 A - a +2 antimagic eveningstar (weapon)
 G - a +2 flail of protection
Armour
 e - a +2 cloak of poison resistance (worn)
 h - a +1 plate armour of magic resistance (worn)
 i - a +0 pair of gloves of strength (worn)
 y - a +1 hat (worn)
 D - a +2 pair of boots of stealth (worn)
 I - a +0 large shield
 L - a -1 shield (worn)
Jewellery
 n - the amulet of Xom's Passing Interest (around neck) {Acrobat +Blink rPois Int-2}
   (You acquired it on level 6 of the Lair of Beasts)

   [amulet of the acrobat]

   It helps you evade while moving and waiting.
   It affects your intelligence (-2).
   It protects you from poison.
   It lets you blink.
 t - an uncursed ring of see invisible
 C - the ring of Godiriox (right hand) {*Slow rElec rC+ Str+5}
   (You acquired it on level 11 of the Dungeon)

   [ring of protection from cold]

   It affects your strength (+5).
   It protects you from cold.
   It insulates you from electricity.
   It may slow you when you take damage.
 E - a +4 ring of protection (left hand)
 M - an uncursed ring of resist corrosion
Wands
 b - a wand of paralysis (24)
 w - a wand of flame (45)
 x - a wand of acid (26)
 F - a wand of scattershot (9)
 H - a wand of disintegration (7)
 J - a wand of iceblast (10)
 P - a wand of enslavement (8)
Scrolls
 j - 5 scrolls of magic mapping
 k - a scroll of holy word
 l - 3 scrolls of enchant weapon
 m - a scroll of fear
 q - 8 scrolls of teleportation
 s - 7 scrolls of remove curse
 K - 3 scrolls of enchant armour
 Q - a scroll of blinking
Potions
 a - 5 potions of might
 f - 12 potions of curing
 g - 6 potions of agility
 o - 7 potions of lignification
 p - 2 potions of invisibility
 r - a potion of haste
 u - 8 potions of flight
 v - a potion of ambrosia
 B - 2 potions of heal wounds
 N - a potion of resistance
 O - a potion of mutation
Comestibles
 c - 24 rations
 d - 6 chunks of flesh


   Skills:
 + Level 14.6 Fighting
 * Level 14.4 Maces & Flails
 + Level 14.5 Armour
 + Level 4.5 Dodging
 + Level 17.4 Shields
 - Level 1.7 Evocations


You had 15 spell levels left.
You didn't know any spells.
Your spell library was empty.

Dungeon Overview and Level Annotations

Branches:
Dungeon (12/15)            Temple (0/1) D:7            Lair (6/6) D:8
 Shoals (0/4) Lair:2       Spider (0/4) Lair:3        Slime (0/5) Lair:5
    Orc (2/2) D:10            Elf (0/3) Orc:2

Altars:
Trog
Beogh
Jiyva

Shops:
D:6 }   D:8 !([   Orc:2 ([*(=

Annotations:
Lair:6 exclusion: 3 oklob plants


Innate Abilities, Weirdness & Mutations

You reflexively headbutt those who attack you in melee.
You have a pair of horns on your head.


Message History

You feel yourself moving faster!
You feel mighty!
You are feeling very hungry.
You block the killer bee's attack. You block the meliai's attack.
The meliai stings you but does no damage.
The centaur warrior hits you.
* * * LOW HITPOINT WARNING * * *
The killer bee stings you but does no damage.
You block the meliai's attack.
The meliai stings you but does no damage.
The centaur warrior hits you!
* * * LOW HITPOINT WARNING * * *
The worker ant waves its antennae.
You sock the centaur warrior! You headbutt the centaur warrior!
You kill the centaur warrior!
Trog accepts your kill.
Your life force feels restored.
The killer bee misses you.
The meliai invokes the aid of its god against you.
Something smites you!
You die...

##.......#
+#'#'#######........#
$?<..........###.(..####
................(.......
.............)........
........a..<.........
#...................
#..yy...............
######.(@)...........####
......(.#+###+#++....#
#######.# #....# #.#
#....# #.# #.#### #.# #.#
#.# #.# #.# #.# #.# #.#


You could see a meliai, a worker ant and a killer bee.

Vanquished Creatures
  3 orc warlords
  Josephine (Lair:4)
  2 fire dragons
  Harold (Lair:1)
  2 hydras
  A centaur warrior (D:12)
  A catoblepas (Lair:6)
  5 orc high priests (Orc:2)
  Sonja (Orc:2)
  A swamp dragon (Lair:6)
  Pikel (D:5)
  5 orc knights
  A deep elf mage (D:12)
  An ugly thing (D:12)
  4 orc sorcerers (Orc:2)
  Joseph (D:9)
  7 black mambas
  9 spiny frogs
  A torpor snail (Lair:6)
  4 rime drakes
  8 komodo dragons
  3 trolls
  A meliai (D:12)
  A jumping spider (Lair:3)
  2 polar bears (Lair:5)
  12 blink frogs
  8 hippogriffs
  A snapping turtle (Lair:2)
  2 wyverns
  10 yaks
  Sigmund (D:6)
  7 wraiths
  3 basilisks
  Eustachio (D:5)
  Grum (D:10)
  4 vampire mosquitoes (D:9)
  2 steam dragons (Lair:6)
  Menkaure (D:6)
  Edmund (D:5)
  9 wargs
  2 acid dragons (Lair:6)
  A soldier ant (D:12)
  15 water moccasins
  5 porcupines
  50 orc warriors
  6 ice beasts
  3 black bears
  A swamp drake (Lair:6)
  3 slaves (D:5)
  5 sky beasts
  6 wolves
  10 ogres
  4 centaurs
  4 boggarts (Lair:5)
  9 crocodiles
  4 big kobolds (D:10)
  12 bullfrogs
  4 gnoll sergeants (D:10)
  2 wyvern skeletons
  3 scorpions
  A water moccasin skeleton (D:9)
  13 killer bees (D:12)
  13 wights
  A howler monkey (D:12)
  4 crimson imps
  3 bullfrog zombies
  24 orc priests
  A centaur skeleton (D:8)
  5 hounds
  4 jellies
  A gnoll shaman (D:9)
  Jessica (D:2)
  29 orc wizards
  Natasha (D:2)
  5 iguanas
  A merfolk siren (Sewer)
  7 worker ants
  A merfolk avatar (Sewer)
  A killer bee zombie (D:7)
  A hound zombie (D:11)
  2 hound skeletons
  Robin (D:4)
  16 gnolls
  16 adders
  2 river rats (Sewer)
  2 shadow imps
  An adder zombie (Ossuary)
  An adder skeleton (D:6)
  4 worms
  4 dart slugs
  6 leopard geckos
  104 orcs
  8 bats
  4 giant cockroaches
  14 goblins
  11 hobgoblins
  7 jackals
  A quokka (D:9)
  6 ball pythons
  5 frilled lizards
  3 hobgoblin skeletons (Ossuary)
  A hobgoblin zombie (Ossuary)
  A jackal skeleton (D:6)
  11 kobolds
  A kobold zombie (Ossuary)
  An orc skeleton (Ossuary)
  An orc zombie (Ossuary)
  A quokka zombie (D:5)
  29 rats
  A plant (Lair:6)
661 creatures vanquished.

Vanquished Creatures (others)
  A howler monkey (D:6)
  2 orc wizards (Orc:2)
  An orc (Orc:2)
  A fungus (Lair:1)
  4 plants (Lair:6)
9 creatures vanquished.

Grand Total: 670 creatures vanquished

Notes
Turn   | Place    | Note
-------+----------+-------------------------------------------
     0 | D:1      | nicolaieve the Minotaur Berserker began the quest for the Orb.
     0 | D:1      | Reached XP level 1. HP: 19/19 MP: 0/0
   156 | D:1      | Reached XP level 2. HP: 21/26 MP: 1/1
   514 | D:1      | Reached skill level 5 in Maces & Flails
   514 | D:1      | Reached XP level 3. HP: 9/31 MP: 2/2
  1267 | D:2      | Reached ** piety under Trog
  1586 | D:2      | Noticed Jessica
  1595 | D:2      | Killed Jessica
  1595 | D:2      | Reached XP level 4. HP: 38/39 MP: 3/3
  1727 | D:2      | Noticed Natasha
  1737 | D:2      | Killed Natasha
  1737 | D:2      | Reached XP level 5. HP: 11/45 MP: 4/4
  2870 | D:4      | Found a sand-covered staircase.
  2879 | Ossuary  | Entered an ossuary
  2939 | Ossuary  | Reached XP level 6. HP: 51/51 MP: 5/5
  2958 | Ossuary  | Reached *** piety under Trog
  2984 | Ossuary  | Noticed a flying skull
  2984 | Ossuary  | Noticed a wraith
  2993 | Ossuary  | Noticed a flying skull
  2998 | Ossuary  | Noticed a wraith
  3017 | Ossuary  | Killed a wraith
  3028 | Ossuary  | Noticed a wraith
  3037 | Ossuary  | Killed a wraith
  3037 | Ossuary  | Reached XP level 7. HP: 15/57 MP: 6/6
  3153 | Ossuary  | Noticed a flying skull
  3181 | Ossuary  | Noticed a flying skull
  3192 | Ossuary  | Reached skill level 10 in Maces & Flails
  3411 | D:4      | Found a bloodstained altar of Trog.
  3506 | D:4      | Noticed Robin
  3517 | D:4      | Killed Robin
  3723 | D:5      | Entered Level 5 of the Dungeon
  3777 | D:5      | Noticed Eustachio
  3805 | D:5      | Killed Eustachio
  3805 | D:5      | Reached XP level 8. HP: 52/64 MP: 7/7
  4030 | D:5      | Noticed Pikel
  4040 | D:5      | Paralysed by Pikel for 7 turns
  4057 | D:5      | Killed Pikel
  4208 | D:5      | Found a glowing drain.
  4231 | Sewer    | Entered a sewer
  4239 | Sewer    | Reached skill level 1 in Evocations
  4336 | Sewer    | Reached **** piety under Trog
  4720 | D:5      | Noticed Edmund
  4728 | D:5      | Killed Edmund
  5038 | D:6      | Found Mekh's Gadget Boutique.
  5084 | D:6      | Reached XP level 9. HP: 59/72 MP: 9/9
  5085 | D:6      | Noticed Sigmund
  5093 | D:6      | Killed Sigmund
  5167 | D:6      | Reached skill level 5 in Fighting
  5265 | D:6      | Noticed Menkaure
  5268 | D:6      | Reached skill level 5 in Armour
  5272 | D:6      | Killed Menkaure
  5357 | D:6      | Reached ***** piety under Trog
  5997 | D:7      | Found a staircase to the Ecumenical Temple.
  6208 | D:7      | Reached XP level 10. HP: 86/86 MP: 10/10
  6521 | D:8      | Noticed a fire dragon
  6523 | D:8      | Found a staircase to the Lair.
  6541 | D:8      | Killed a fire dragon
  6589 | D:8      | Reached skill level 1 in Shields
  6695 | D:8      | Found Lamaedei's Armour Shop.
  6701 | D:8      | Bought a +2 cloak of poison resistance for 185 gold pieces
  6789 | D:8      | Reached skill level 2 in Shields
  6824 | D:8      | Found Cexzy's Weapon Shoppe.
  6883 | D:8      | Reached skill level 3 in Shields
  6911 | D:8      | Found Vemiffas's Distillery.
  7350 | D:9      | Reached skill level 4 in Shields
  7454 | D:9      | Noticed Joseph
  7470 | D:9      | Killed Joseph
  7609 | D:9      | Reached skill level 5 in Shields
  7741 | D:9      | Received a gift from Trog
  8115 | D:10     | Entered Level 10 of the Dungeon
  8268 | D:10     | Reached XP level 11. HP: 92/99 MP: 11/11
  8272 | D:10     | Reached skill level 10 in Fighting
  8272 | D:10     | Reached skill level 10 in Armour
  8348 | D:10     | Noticed Grum
  8365 | D:10     | Killed Grum
  8753 | D:10     | Found a staircase to the Orcish Mines.
  9090 | Lair:1   | Entered Level 1 of the Lair of Beasts
  9404 | Lair:1   | Noticed Harold
  9415 | Lair:1   | Killed Harold
  9415 | Lair:1   | Reached skill level 6 in Shields
  9430 | Lair:1   | Reached skill level 7 in Shields
  9501 | Lair:1   | Reached skill level 8 in Shields
  9816 | Lair:2   | Received a gift from Trog
  9955 | Lair:2   | Reached skill level 9 in Shields
 10070 | Lair:2   | Reached skill level 10 in Shields
 10070 | Lair:2   | Reached XP level 12. HP: 110/110 MP: 12/12
 10555 | Lair:2   | Found a staircase to the Shoals.
 10682 | Lair:3   | Reached skill level 11 in Shields
 10964 | Lair:3   | Found a hole to the Spider Nest.
 11291 | Lair:4   | Reached skill level 12 in Shields
 11341 | Lair:4   | Noticed Josephine
 11352 | Lair:4   | Killed Josephine
 11460 | Lair:4   | Reached skill level 13 in Shields
 11949 | Lair:5   | Found a viscous altar of Jiyva.
 11950 | Lair:5   | Noticed an eight-headed hydra
 11952 | Lair:5   | Found a staircase to the Slime Pits.
 11956 | Lair:5   | Killed an eight-headed hydra
 12289 | Lair:5   | Received a gift from Trog
 12289 | Lair:5   | Reached skill level 14 in Shields
 12739 | Lair:6   | Entered Level 6 of the Lair of Beasts
 12842 | Lair:6   | Noticed a catoblepas
 12856 | Lair:6   | Killed a catoblepas
 12856 | Lair:6   | Reached XP level 13. HP: 118/118 MP: 13/13
 13489 | Lair:6   | Paralysed by fainting for 11 turns
 13554 | Lair:6   | Noticed a fire dragon
 13577 | Lair:6   | Killed a fire dragon
 13934 | Lair:6   | Identified a scroll of acquirement
 13942 | Lair:6   | Got a steaming jade amulet
 13943 | Lair:6   | Identified the amulet of Xom's Passing Interest {Acrobat +Blink rPois Int-2} (You acquired it on level 6 of the Lair of Beasts)
 14216 | Orc:1    | Entered Level 1 of the Orcish Mines
 14216 | Orc:1    | Noticed an orc warlord
 14242 | Orc:1    | Killed an orc warlord
 14242 | Orc:1    | Reached skill level 15 in Shields
 14344 | Orc:1    | Received a gift from Trog
 14521 | Orc:1    | Found a roughly hewn altar of Beogh.
 15094 | D:8      | Bought a potion of heal wounds for 65 gold pieces
 15094 | D:8      | Bought a potion of haste for 130 gold pieces
 15094 | D:8      | Bought 2 potions of experience for 1300 gold pieces
 15094 | D:8      | Reached skill level 16 in Shields
 15094 | D:8      | Reached XP level 14. HP: 129/129 MP: 14/14
 15095 | D:8      | Reached XP level 15. HP: 137/137 MP: 15/15
 15198 | Orc:2    | Entered Level 2 of the Orcish Mines
 15199 | Orc:2    | Found a staircase to the Elven Halls.
 15332 | Orc:2    | Noticed Sonja
 15337 | Orc:2    | Cast into level 2 of the Abyss (orc warrior)
 15345 | Orc:2    | Escaped the Abyss
 15345 | Orc:2    | Noticed an orc warlord
 15415 | Orc:2    | Noticed an orc warlord
 15527 | Orc:1    | Killed an orc warlord
 15567 | Orc:2    | Paralysed by an orc sorcerer for 5 turns
 15973 | Orc:2    | Found Urphuklep's Weapon Emporium.
 16073 | Orc:2    | Killed an orc warlord
 16073 | Orc:2    | Received a gift from Trog
 16073 | Orc:2    | Reached skill level 17 in Shields
 16873 | Orc:2    | Found Neipiani's Antique Armour Shop.
 16874 | Orc:2    | Found Estrergh's Antique Weapon Shop.
 16875 | Orc:2    | Found Jeiledgh's General Store.
 16875 | Orc:2    | Found Camie's Jewellery Boutique.
 17190 | Orc:2    | Killed Sonja
 17400 | D:11     | Got a shimmering amber ring
 17401 | D:11     | Identified the ring of Godiriox {*Slow rElec rC+ Str+5} (You acquired it on level 11 of the Dungeon)
 17487 | D:11     | You fall through a shaft!
 17498 | D:12     | Reached XP level 16. HP: 147/147 MP: 5/16
 17621 | D:12     | HP: 6/220 [centaur warrior (8)]
 17622 | D:12     | Killed from afar by a meliai

Skill      XL: |  1  2  3  4  5  6  7  8  9 10 11 12 13 14 15 |
---------------+----------------------------------------------+-----
Maces & Flails | 4 5 6 7 8 9 11 13 14 | 14.4
Evocations     | 1 |  1.7
Armour         | 4 7 9 11 13 14 | 14.5
Fighting       | 4 7 9 11 12 13 14 | 14.6
Shields        | 5 10 14 16 17 | 17.4
Dodging        | 4 |  4.5

Action                   |  1- 3 |  4- 6 |  7- 9 | 10-12 | 13-15 | 16-18 || total
-------------------------+-------+-------+-------+-------+-------+-------++-------
Melee: Mace              |    36 |       |       |       |       |       ||    36
       Headbutt          |    10 |    22 |    61 |   182 |   179 |    17 ||   471
       Whip              |    61 |   119 |   263 |       |       |       ||   443
       Flail             |       |       |   159 |   700 |   552 |       ||  1411
       Eveningstar       |       |       |       |       |    80 |    52 ||   132
       Great mace        |       |       |       |       |    76 |       ||    76
Invok: Berserk           |     1 |     1 |     5 |    12 |    14 |     1 ||    34
       Trog's Hand       |       |       |       |     3 |    13 |     2 ||    18
  Use: Scroll            |       |     7 |    10 |     6 |    10 |     1 ||    34
       Potion            |       |       |       |       |     7 |       ||     7
 Stab: Distracted        |       |       |     2 |       |       |     1 ||     3
  Eat: Chunk             |     3 |     4 |    17 |    26 |    24 |     2 ||    76
       Ration            |       |       |       |     2 |     3 |       ||     5
Armor: Animal skin       |     2 |       |       |       |       |       ||     2
       Ring mail         |    28 |    22 |    14 |       |       |       ||    64
       Scale mail        |       |       |   139 |    19 |       |       ||   158
       Chain mail        |       |       |       |   160 |       |       ||   160
       Plate armour      |       |       |       |   187 |   409 |    71 ||   667
Dodge: Dodged            |    69 |    45 |   171 |   204 |   260 |    43 ||   792
Block: Buckler           |       |       |       |    72 |       |       ||    72
       Shield            |       |       |       |   161 |   440 |    75 ||   676
